 Dungeon Crawl Stone Soup version 0.29.0-4-gdea44cf6ec (webtiles) character file.

Game seed: 7903465739056901054

833 qw the Chopper (level 7, 0/75 HPs)
             Began as an Ogre Enchanter on Sept 4, 2022.
             Slain by Grinder (6 damage)
             ... on level 6 of the Dungeon.
             The game lasted 00:02:24 (7183 turns).

qw the Chopper (Ogre Enchanter)                     Turns: 7183, Time: 00:02:25

Health: 0/75       AC:  3    Str: 15    XL:     7   Next: 98%
Magic:  10/10      EV:  9    Int: 16    God:
Gold:   279        SH:  0    Dex:  9    Spells: 10/10 levels left

rFire   . . .      SeeInvis +   Y - +1 war axe
rCold   . . .      Faith    .   (no shield)
rNeg    . . .      Spirit   .   h - +0 robe "Potap" {rElec}
rPois   .          Reflect  .   (helmet restricted)
rElec   +          Harm     .   (no cloak)
rCorr   .          Rampage  .   (gloves unavailable)
Will    .....                   (boots unavailable)
Stlth   ++........              (no amulet)
HPRegen 0.22/turn               a - ring of see invisible
MPRegen 0.12/turn               e - +4 ring of slaying {mikee}

@: no status effects
A: large, unfitting armour, tough skin 1
a: no special abilities


You were on level 6 of the Dungeon.
You visited 2 branches of the dungeon, and saw 7 of its levels.

You collected 279 gold pieces.


Innate Abilities, Weirdness & Mutations

You are too large for most types of armour.
You have tough skin. (AC +1)


   Skills:
 - Level 6.1 Fighting
 - Level 0.8 Short Blades
 + Level 7.0 Axes
 - Level 1.7 Dodging
 - Level 2.1 Stealth
 - Level 2.4 Spellcasting
 - Level 2.6 Hexes


You had 10 spell levels left.
You didn't know any spells.
Your spell library contained the following spells:

 Spells                   Type           Power      Damage    Failure   Level
 Ensorcelled Hibernation  Hex/Ice        12%        N/A       17%         2
 Confusing Touch          Hex            10%        N/A       21%         3
 Tukima's Dance           Hex            10%        N/A       21%         3
 Dazzling Flash           Conj/Hex       12%        N/A       34%         3

Inventory:

Hand Weapons
 d - a +0 flail
 Y - a +1 war axe (weapon)
Armour
 h - the +0 robe "Potap" (worn) {rElec}
   (You found it on level 5 of the Dungeon)

   rElec:     It insulates you from electricity.
Jewellery
 a - a ring of see invisible (left hand)
 e - a +4 ring of slaying (right hand) {mikee}
Scrolls
 j - a scroll of identify
Potions
 c - a potion of cancellation
 g - 2 potions of curing
 k - a potion of mutation

Dungeon Overview and Level Annotations

Branches:
Dungeon (6/15)             Temple (1/1) D:4

Altars:
Ashenzari
Cheibriados
Dithmenos
Elyvilon
Fedhas
Gozag
Hepliaklqana
Kikubaaqudgha
Makhleb
Nemelex Xobeh
Qazlal
Sif Muna
Trog
Uskayaw
Vehumet
Wu Jian
Xom
Yredelemnul
Zin
The Shining One

Annotations:
D:4 3 runed translucent doors, qw's ghost, amateur MiFi; qw's ghost, novice FoCA
D:5 3 runed translucent doors, qw's ghost, novice GrBe
D:6 Grinder


Message History

The centaur is severely wounded.
The centaur wields a +0 shortbow.
The centaur shoots an arrow.
The arrow barely misses you. The centaur hits you.
The centaur barely misses you.
The centaur shoots an arrow.
The arrow barely misses you.
You barely miss the centaur.
The centaur is severely wounded.
The centaur hits you but does no damage.
The centaur kicks you. The centaur barely misses you. The centaur kicks you.
You hit the centaur.
The centaur is almost dead.
The centaur shoots an arrow.
The arrow hits you! The centaur barely misses you. The centaur kicks you.
The centaur hits you but does no damage.
The centaur barely misses you.
7166 ||| READING scroll of teleportation.
As you read the scroll of teleportation, it crumbles to dust.
You feel strangely unstable. The centaur closely misses you.
The centaur kicks you but does no damage.
The centaur shoots an arrow.
The arrow completely misses you.
You slash the centaur!
You kill the centaur!
The centaur shoots an arrow.
The arrow hits you.
Your Fighting skill increases to level 6!
The centaur shoots an arrow.
The arrow hits you.
The centaur shoots an arrow.
The arrow hits you.
Your surroundings suddenly seem different.
Found an escape hatch in the ceiling.
Found a stone staircase leading up.
Grinder comes into view.
7170 ||| Stepping ~*~*~tactically~*~*~ (stealth).
You start resting.
Grinder is nearby!
7172 ||| Stepping ~*~*~tactically~*~*~ (stealth).
7173 ||| Stepping ~*~*~tactically~*~*~ (stealth).
You start resting.
Grinder is nearby!
Grinder shouts!
Grinder hits you.
You die...

.. .. . .## #.#
#.#
###.###5########
.......@........
#######.........
#.#<....<.
#.####.... #.#
### ###


You could see Grinder.

Vanquished Creatures
  Sigmund (D:3)
  A centaur (D:6)
  A phantom (D:5)
  2 necrophages (D:5)
  2 howler monkeys
  A jelly (D:6)
  2 hounds
  An orc wizard (D:4)
  An iguana (D:5)
  Terence (D:2)
  8 adders
  A white imp (D:5)
  2 worms
  2 dart slugs
  9 orcs
  7 ball pythons
  5 bats
  4 endoplasms
  2 giant cockroaches
  2 goblins
  7 hobgoblins
  2 jackals (D:5)
  3 quokkas
  7 frilled lizards
  3 kobolds
  9 rats
86 creatures vanquished.

Vanquished Creatures (others)
  2 fungi (D:5)
  2 plants (D:5)
  6 withered plants (D:4)
10 creatures vanquished.

Grand Total: 96 creatures vanquished

Notes
Turn   | Place    | Note
-------+----------+-------------------------------------------
     0 | D:1      | qw the Ogre Enchanter began the quest for the Orb.
     0 | D:1      | Reached XP level 1. HP: 16/16 MP: 3/3
     0 | D:1      | 0 ||| qw: Version: 0.1-a-103-gd6f5d3a
     0 | D:1      | 0 ||| qw: Game counter: 5597
     0 | D:1      | 0 ||| qw: Always use a shield: true
     0 | D:1      | 0 ||| qw: God list: Okawaru
     0 | D:1      | 0 ||| qw: Allow faded altars: false
     0 | D:1      | 0 ||| qw: Do Orc after D:15 true
     0 | D:1      | 0 ||| qw: Do second Lair branch before Depths: true
     0 | D:1      | 0 ||| qw: Lair rune preference: random
     0 | D:1      | 0 ||| qw: Plans: Normal
     0 | D:1      | 0 ||| PLANNING D:1-11
   159 | D:1      | Reached skill level 1 in Axes
   278 | D:1      | 278 ||| SWAPPING to +0 whip.
   279 | D:1      | 279 ||| DROPPING +1 dagger.
   388 | D:1      | 388 ||| Stepping ~*~*~tactically~*~*~ (stealth).
   391 | D:1      | Reached skill level 1 in Fighting
   392 | D:1      | 392 ||| Stepping ~*~*~tactically~*~*~ (stealth).
   394 | D:1      | 394 ||| Stepping ~*~*~tactically~*~*~ (stealth).
   403 | D:1      | Reached XP level 2. HP: 16/27 MP: 5/5
   482 | D:1      | 482 ||| Stepping ~*~*~tactically~*~*~ (stealth).
   485 | D:1      | 485 ||| Stepping ~*~*~tactically~*~*~ (stealth).
   500 | D:1      | 500 ||| Stepping ~*~*~tactically~*~*~ (stealth).
   502 | D:1      | 502 ||| Stepping ~*~*~tactically~*~*~ (stealth).
   581 | D:1      | 581 ||| Stepping ~*~*~tactically~*~*~ (stealth).
   928 | D:1      | 928 ||| SWAPPING to +0 war axe.
  1157 | D:1      | 1157 ||| Stepping ~*~*~tactically~*~*~ (stealth).
  1188 | D:1      | Reached skill level 2 in Axes
  1367 | D:1      | Found a faded altar of an unknown god.
  1507 | D:1      | 1507 ||| UPGRADING to ring of see invisible.
  1508 | D:1      | 1508 ||| READING scroll labelled DENLOA KASCHEU.
  1509 | D:1      | 1509 ||| READING scroll labelled XIETHR MEPSOTHE.
  1510 | D:1      | 1510 ||| READING 2 scrolls labelled SURRUS ZICKETZ.
  1511 | D:1      | 1511 ||| READING scroll labelled LEROFI CI UBOA.
  1512 | D:1      | 1512 ||| READING scroll labelled TIECZI SETYUXEIG.
  1516 | D:1      | 1516 ||| DRINKING 2 inky potions.
  1517 | D:1      | 1517 ||| DROPPING 2 potions of invisibility.
  1553 | D:2      | 1553 ||| Stepping ~*~*~tactically~*~*~ (stealth).
  1618 | D:2      | Reached XP level 3. HP: 13/35 MP: 6/6
  2515 | D:2      | Reached XP level 4. HP: 23/42 MP: 7/7
  2718 | D:2      | Reached skill level 3 in Axes
  2725 | D:2      | Noticed Terence
  2743 | D:2      | Killed Terence
  2744 | D:2      | Reached skill level 3 in Fighting
  3430 | D:2      | 3430 ||| DROPPING +6 ring of intelligence.
  3431 | D:2      | 3431 ||| READING scroll labelled OSUOGG SAIQIMA.
  3432 | D:2      | 3432 ||| DRINKING 3 silvery potions.
  3433 | D:2      | 3433 ||| DRINKING 2 fuming cyan potions.
  3434 | D:2      | 3434 ||| READING 2 scrolls of identify.
  3434 | D:2      | 3434 ||| IDENTIFYING glowing ruby potion
  3435 | D:2      | 3435 ||| DROPPING 2 potions of flight.
  3436 | D:2      | 3436 ||| DROPPING potion of ambrosia.
  3475 | D:3      | Noticed Sigmund
  3486 | D:3      | 3486 ||| DRINKING potion of curing.
  3486 | D:3      | 3486 ||| (to cure confusion)
  3491 | D:3      | Killed Sigmund
  3492 | D:3      | Reached skill level 5 in Axes
  3492 | D:3      | Reached XP level 5. HP: 34/53 MP: 8/8
  3492 | D:3      | Reached XP level 6. HP: 39/61 MP: 9/9
  3646 | D:3      | 3646 ||| Stepping ~*~*~tactically~*~*~ (stealth).
  3651 | D:3      | 3651 ||| Stepping ~*~*~tactically~*~*~ (stealth).
  3856 | D:3      | Found a shimmering blue altar of Sif Muna.
  3857 | D:3      | Found a burning altar of Makhleb.
  3857 | D:3      | Found a glowing golden altar of the Shining One.
  3858 | D:3      | Found a sparkling altar of Nemelex Xobeh.
  4025 | D:3      | 4025 ||| Stepping ~*~*~tactically~*~*~ (stealth).
  4409 | D:3      | 4409 ||| Stepping ~*~*~tactically~*~*~ (stealth).
  4410 | D:3      | 4410 ||| Stepping ~*~*~tactically~*~*~ (stealth).
  4411 | D:3      | 4411 ||| Stepping ~*~*~tactically~*~*~ (stealth).
  4415 | D:3      | 4415 ||| Stepping ~*~*~tactically~*~*~ (stealth).
  4418 | D:3      | 4418 ||| Stepping ~*~*~tactically~*~*~ (stealth).
  4424 | D:3      | 4424 ||| Stepping ~*~*~tactically~*~*~ (stealth).
  4426 | D:3      | 4426 ||| Stepping ~*~*~tactically~*~*~ (stealth).
  4599 | D:3      | 4599 ||| UPGRADING to +4 ring of slaying {mikee}.
  4600 | D:3      | 4600 ||| READING scroll labelled HUPIAG JOENAMMOIT.
  4601 | D:3      | 4601 ||| READING 3 scrolls of identify.
  4601 | D:3      | 4601 ||| IDENTIFYING bubbling amethyst potion
  4742 | D:4      | Found a staircase to the Ecumenical Temple.
  4743 | D:4      | 4743 ||| PLANNING TEMPLE
  4743 | D:4      | 4743 ||| DROPPING scarf of harm.
  4773 | Temple   | Entered the Ecumenical Temple
  4822 | Temple   | 4822 ||| PLANNING D:1-11
  5121 | D:4      | 5121 ||| Stepping ~*~*~tactically~*~*~ (hiding).
  5126 | D:4      | 5126 ||| Stepping ~*~*~tactically~*~*~ (stealth).
  5142 | D:4      | HP: 15/62 [orc wizard/+0 dagger (2)]
  5143 | D:4      | 5143 ||| DRINKING potion of heal wounds.
  5240 | D:4      | 5240 ||| DROPPING +0 whip.
  5316 | D:4      | 5316 ||| Stepping ~*~*~tactically~*~*~ (stealth).
  5372 | D:4      | Found a runed translucent gate.
  5372 | D:4      | Found a runed translucent gate.
  5372 | D:4      | Found a runed translucent gate.
  5373 | D:4      | Noticed qw's ghost (novice FoCA)
  5374 | D:4      | Noticed qw's ghost (amateur MiFi)
  6100 | D:4      | 6100 ||| READING 3 scrolls labelled OCASTR PEUD VIL.
  6101 | D:4      | 6101 ||| DROPPING 2 scrolls of fear.
  6124 | D:5      | Entered Level 5 of the Dungeon
  6251 | D:5      | Found a runed translucent gate.
  6251 | D:5      | Found a runed translucent gate.
  6251 | D:5      | Found a runed translucent gate.
  6252 | D:5      | Noticed qw's ghost (novice GrBe)
  6328 | D:5      | Reached skill level 6 in Axes
  6328 | D:5      | Reached XP level 7. HP: 66/70 MP: 10/10
  6391 | D:5      | 6391 ||| Stepping ~*~*~tactically~*~*~ (stealth).
  6446 | D:5      | Identified the +0 robe "Potap" {rElec}
  6470 | D:5      | 6470 ||| Stepping ~*~*~tactically~*~*~ (hiding).
  6925 | D:5      | 6925 ||| UPGRADING to +0 robe "Potap" {rElec}.
  6935 | D:5      | 6935 ||| DROPPING +0 robe.
  6936 | D:5      | 6936 ||| DRINKING 2 fuming sapphire potions.
  6962 | D:5      | 6962 ||| READING 2 scrolls of identify.
  6962 | D:5      | 6962 ||| IDENTIFYING smoky golden potion
  6963 | D:5      | 6963 ||| DROPPING potion of lignification.
  7000 | D:6      | 7000 ||| STAIRDANCE
  7147 | D:6      | Reached skill level 7 in Axes
  7152 | D:6      | 7152 ||| Stepping ~*~*~tactically~*~*~ (stealth).
  7154 | D:6      | 7154 ||| Stepping ~*~*~tactically~*~*~ (stealth).
  7155 | D:6      | 7155 ||| Stepping ~*~*~tactically~*~*~ (stealth).
  7157 | D:6      | 7157 ||| Stepping ~*~*~tactically~*~*~ (hiding).
  7165 | D:6      | HP: 14/72 [centaur/arrow (7)]
  7166 | D:6      | 7166 ||| READING scroll of teleportation.
  7168 | D:6      | Reached skill level 6 in Fighting
  7168 | D:6      | HP: 3/75 [centaur/arrow (5)]
  7169 | D:6      | Noticed Grinder
  7170 | D:6      | 7170 ||| Stepping ~*~*~tactically~*~*~ (stealth).
  7172 | D:6      | 7172 ||| Stepping ~*~*~tactically~*~*~ (stealth).
  7173 | D:6      | 7173 ||| Stepping ~*~*~tactically~*~*~ (stealth).
  7183 | D:6      | Slain by Grinder

Levels and vault maps discovered:
D:1:      dpeg_arrival_simpleton_b, layout_basic,
          shapermc_ecumenical_altar_ellora, st_stairs_9
D:2:      layout_loops_ring, serial_rivers, chequers_serial_rivers_room_b,
          chequers_serial_rivers_marsh, chequers_serial_rivers_small_a,
          chequers_serial_rivers_micro_b, minmay_box_of_dots, uniq_terence
D:3:      layout_basic, chequers_temple_overflow_statue_of_worship, uniq_sigmund
D:4:      layout_layer_cave, minmay_temple_entry_statues_fountains,
          gammafunk_ghost_cemetery, patterned_corridor
D:5:      layout_gridville, gammafunk_ghost_nasty_kobolds
D:6:      nicolae_BIG_FREAKIN_CUBE, layout_basic, uniq_grinder,
          uniq_prince_ribbit1
Temple:   nicolae_temple_x_marks_the_god

Skill      XL: |  1  2  3  4  5  6  7 |
---------------+----------------------+-----
Axes           | 1 2 5 6 7 |  7.0
Fighting       | 1 2 3 4 6 |  6.1
Short Blades   | |  0.8
Dodging        | |  1.7
Stealth        | |  2.1
Spellcasting   | |  2.4
Hexes          | |  2.6

Action                   |  1- 3 |  4- 6 |  7- 9 || total
-------------------------+-------+-------+-------++-------
Melee: Dagger            |    35 |       |       ||    35
       Whip              |    52 |       |       ||    52
       Punch             |     1 |     3 |     1 ||     5
       War axe           |    92 |   123 |    39 ||   254
  Use: Scroll            |     5 |     5 |     2 ||    12
       Potion            |     1 |     4 |     1 ||     6
Armor: Robe              |    62 |    31 |    10 ||   103
Dodge: Dodged            |   103 |    47 |    20 ||   170

Table legend:
 A = Non-vault XP
 B = Vault XP
 C = Vault XP percentage of total XP
 D = Non-vault monster count
 E = Vault monster count
 F = Vault count percentage of total count
                 A         B        C        D         E       F
            +---------+---------+-------+---------+---------+-------
      Total |     911 |     279 |  23.4 |      79 |       7 |   8.1
            +---------+---------+-------+---------+---------+-------
        D:1 |      28 |       2 |   6.7 |      20 |       2 |   9.1
        D:2 |      61 |      38 |  38.4 |      16 |       4 |  20.0
        D:3 |      32 |     239 |  88.2 |      11 |       1 |   8.3
        D:4 |     126 |       0 |   0.0 |      16 |       0 |   0.0
        D:5 |     447 |       0 |   0.0 |      12 |       0 |   0.0
        D:6 |     217 |       0 |   0.0 |       4 |       0 |   0.0
            +---------+---------+-------+---------+---------+-------
